 Dungeon Crawl Stone Soup version 0.29.0-4-gdea44cf6ec (webtiles) character file.

Game seed: 3992958328763798996

1 qw the Sneak (level 1, 0/14 HPs)
             Began as a Gargoyle Delver on Sept 10, 2022.
             Slain by an adder (3 damage)
             ... on level 3 of the Dungeon.
             The game lasted 00:00:03 (53 turns).

qw the Sneak (Gargoyle Delver)                        Turns: 53, Time: 00:00:04

Health: 0/14       AC:  5    Str: 15    XL:     1   Next: 20%
Magic:  1/1        EV: 11    Int: 10    God:
Gold:   20         SH:  0    Dex: 11    Spells: 0/0 levels left

rFire   . . .      SeeInvis .   a - +0 hand axe
rCold   . . .      Faith    .   (no shield)
rNeg    + . .      Spirit   .   b - +0 leather armour
rPois   inf        Reflect  .   (no helmet)
rElec   +          Harm     .   (no cloak)
rCorr   .          Rampage  .   (no gloves)
Will    .....                   (no boots)
Stlth   +++.......              (no amulet)
HPRegen 0.04/turn               (no ring)
MPRegen 0.07/turn               (no ring)

@: no status effects
A: sickness immunity, AC +2, negative energy resistance 1, electricity
resistance, torment resistance 1, petrification resistance
a: no special abilities


You were on level 3 of the Dungeon.
You visited 1 branch of the dungeon, and saw 3 of its levels.

You collected 20 gold pieces.


Innate Abilities, Weirdness & Mutations

You are immune to sickness and miasma.
Your stone body is resilient. (AC +2)
You are immune to poison.
You resist negative energy. (rN+)
You are resistant to electric shocks. (rElec)
You are resistant to unholy torment.
You are immune to petrification.


   Skills:
 - Level 3.2 Fighting
 + Level 1.9 Axes
 - Level 1.5 Dodging
 - Level 5.4 Stealth


You couldn't memorise any spells.
You didn't know any spells.
Your spell library was empty.

Inventory:

Hand Weapons
 a - a +0 hand axe (weapon)
Armour
 b - a +0 leather armour (worn)
Wands
 g - a wand of digging (3)
Potions
 c - a potion of attraction {unknown}
 f - a potion of haste

Dungeon Overview and Level Annotations

Branches:
Dungeon (5/15)
 Temple: D:4-7

Altars:


Message History

39 ||| FLEEEEING.
A scorpion comes into view.
40 ||| FLEEEEING.
41 ||| FLEEEEING.
There is a stone staircase leading up here.
42 ||| STAIRDANCE You climb upwards.
The orc shouts!
The adder hisses angrily.
Found a scroll labelled KOUREO BOLE and 15 gold pieces.
There is a stone staircase leading down here.
Existing waypoints: (1) D:4 (2) D:5 Assign waypoint to what number? (0-9, D - delete waypoint) Waypoint 2 re-assigned from D:5 to D:3.
You hit the orc but do no damage. The orc hits you with a +0 short sword.
You hit the adder.
The adder is moderately wounded.
You barely miss the orc. The adder bites you but does no damage.
The orc barely misses you. The adder bites you but does no damage.
You hit the adder but do no damage.
The adder is moderately wounded.
You barely miss the orc. The adder bites you but does no damage.
The orc hits you with a +0 short sword.
You hit the adder.
The adder is heavily wounded.
You closely miss the orc. The adder bites you but does no damage.
The orc barely misses you. The adder bites you but does no damage.
You closely miss the adder.
The adder is heavily wounded.
You hit the orc. The orc hits you with a +0 short sword.
The adder barely misses you. The orc hits you with a +0 short sword.
The adder barely misses you.
You completely miss the adder.
The adder is heavily wounded.
You hit the orc but do no damage. The adder bites you.
You die...

# #. #..
##...####
#.....@o#
#.#.#.S.....#
#.#.###.# .?
.# ... ..
#.#$ ..# ....
..# #.... ...


You could see an adder and an orc.

Vanquished Creatures
  A goblin (D:4)
1 creature vanquished.

Notes
Turn   | Place    | Note
-------+----------+-------------------------------------------
     0 | D:5      | qw the Gargoyle Delver began the quest for the Orb.
     0 | D:5      | Reached XP level 1. HP: 14/14 MP: 1/1
     0 | D:5      | 0 ||| qw: Version: 0.1-a-117-gfe26ee0
     0 | D:5      | 0 ||| qw: Game counter: 9668
     0 | D:5      | 0 ||| qw: Always use a shield: true
     0 | D:5      | 0 ||| qw: God list: Okawaru
     0 | D:5      | 0 ||| qw: Allow faded altars: false
     0 | D:5      | 0 ||| qw: Do Orc after D:15 true
     0 | D:5      | 0 ||| qw: Do second Lair branch before Depths: true
     0 | D:5      | 0 ||| qw: Lair rune preference: random
     0 | D:5      | 0 ||| qw: Plans: Normal
     0 | D:5      | 0 ||| PLANNING D:1-11
     0 | D:5      | 0 ||| DROPPING scroll of fog.
     1 | D:5      | 1 ||| DROPPING scroll of magic mapping.
     2 | D:5      | 2 ||| DROPPING scroll of fear.
    38 | D:4      | Noticed an iguana
    39 | D:4      | 39 ||| FLEEEEING.
    39 | D:4      | Noticed a scorpion
    40 | D:4      | 40 ||| FLEEEEING.
    41 | D:4      | 41 ||| FLEEEEING.
    42 | D:4      | 42 ||| STAIRDANCE
    52 | D:3      | HP: 3/14 [orc/+0 short sword (4)]
    53 | D:3      | Slain by an adder

Levels and vault maps discovered:
D:3:      layout_loops_cross, minivault_24
D:4:      layout_cave_pools, mainiacjoe_overflow_alcove_4,
          evilmike_ruin_ashenzari, serial_column_ruins, column_ruins_open_tiny,
          column_ruins_open_tiny_water, column_ruins_grid_2,
          column_ruins_open_medium_water, column_ruins_corridor_plus,
          column_ruins_columns_corner
D:5:      layout_loops_ring, mainiacjoe_overflow_cross_hatched,
          mainiacjoe_overflow_alcove_1

Action                   || total
-------------------------++-------
Melee: Hand axe          ||     7
Armor: Leather armour    ||     5
Dodge: Dodged            ||     4

Table legend:
 A = Non-vault XP
 B = Vault XP
 C = Vault XP percentage of total XP
 D = Non-vault monster count
 E = Vault monster count
 F = Vault count percentage of total count
                 A         B        C        D         E       F
            +---------+---------+-------+---------+---------+-------
      Total |       2 |       0 |   0.0 |       1 |       0 |   0.0
            +---------+---------+-------+---------+---------+-------
        D:4 |       2 |       0 |   0.0 |       1 |       0 |   0.0
            +---------+---------+-------+---------+---------+-------
